 Dungeon Crawl Stone Soup version 0.29.0-11-gd7f09526c8 (webtiles) character file.

Game seed: 4617761101520791872

2787 sanka the Grappler (level 9, 0/89 HPs)
             Began as a Troll Cinder Acolyte on Sept 2, 2022.
             Was an Elder of Ignis.
             Slain by a hornet (14 damage)
             ... while paralysed by a hornet
             ... on level 7 of the Dungeon.
             The game lasted 00:05:38 (4920 turns).

sanka the Grappler (Troll Cinder Acolyte)           Turns: 4920, Time: 00:05:39

Health: 0/89       AC:  5    Str: 24    XL:     9   Next: 43%
Magic:  9/9        EV:  1    Int: 10    God:    Ignis [****..]
Gold:   305        SH:  0    Dex:  9    Spells: 10/10 levels left

rFire   + . .      SeeInvis .     - Unarmed
rCold   . . .      Faith    .   (no shield)
rNeg    . . .      Spirit   .   a - +0 robe
rPois   .          Reflect  .   (helmet restricted)
rElec   .          Harm     .   y - +0 cloak
rCorr   .          Rampage  .   (gloves unavailable)
Will    .....                   (boots unavailable)
Stlth   +.........              (no amulet)
HPRegen 1.04/turn               (no ring)
MPRegen 0.11/turn               (no ring)

@: paralysed, lethally poisoned (0 -> 0), slowed
A: large, unfitting armour, claws 3, regeneration 1, shaggy fur 1, tough skin 1
a: Renounce Religion, Fiery Armour, Foxfire Swarm, Rising Flame


You were on level 7 of the Dungeon.
You worshipped Ignis.
Ignis was greatly pleased with you.
You visited 1 branch of the dungeon, and saw 7 of its levels.

You collected 305 gold pieces.


Innate Abilities, Weirdness & Mutations

You are too large for most types of armour.
You have claws for hands.
Your natural rate of healing is unusually fast.
You are covered in fur. (AC +1)
You have tough skin. (AC +1)


   Skills:
 + Level 5.8 Fighting
 + Level 11.7 Unarmed Combat
 - Level 1.0 Spellcasting
 - Level 2.1 Fire Magic


You had 10 spell levels left.
You didn't know any spells.
Your spell library contained the following spells:

 Spells                   Type           Power      Damage    Failure   Level
 Scorch                   Fire           8%         2d5       22%         2
 Magic Dart               Conj           0%         1d3       34%         1
 Summon Small Mammal      Summ           0%         N/A       34%         1
 Call Imp                 Summ           0%         N/A       45%         2
 Call Canine Familiar     Summ           0%         N/A       71%         3
 Mephitic Cloud           Conj/Pois/Air  0%         N/A       71%         3
 Portal Projectile        Hex/Tloc       0%         N/A       71%         3
 Summon Guardian Golem    Hex/Summ       0%         N/A       71%         3
 Leda's Liquefaction      Hex/Erth       0%         N/A       98%         4

Inventory:

Armour
 a - a +0 robe (worn)
 d - a +0 kite shield
 y - a +0 cloak (worn)
Wands
 p - a wand of charming (20)
 u - a wand of polymorph (11)
Scrolls
 b - 4 scrolls of enchant armour {unknown}
 c - 5 scrolls of identify {unknown}
 i - a scroll of acquirement {unknown}
 j - 2 scrolls of magic mapping {unknown}
 m - 2 scrolls of noise {unknown}
 o - 3 scrolls of teleportation {unknown}
 q - a scroll of enchant weapon {unknown}
 v - a scroll of fog {unknown}
 x - a scroll of blinking {unknown}
Potions
 e - a potion of brilliance {unknown}
 f - a potion of attraction {unknown}
 g - 2 potions of might {unknown}
 h - 5 potions of curing {unknown}
 k - a potion of resistance {unknown}
 l - 2 potions of magic {unknown}
 n - 3 potions of heal wounds {@q2}
 r - a potion of mutation {unknown}
 s - a potion of degeneration {unknown}
 t - 3 potions of flight {unknown}
 w - a potion of ambrosia {unknown}
 z - a potion of lignification {unknown}

Dungeon Overview and Level Annotations

Branches:
Dungeon (7/15)             Temple (0/1) D:6

Altars:
Ashenzari
Elyvilon
Okawaru
Uskayaw
Yredelemnul

▒▒▒▒▒ ▒▒▒
▒▒▒▒▒▒.▒.▒ ▒..
▒.+....▒.▒ ▒?▒
▒.▒▒▒..▒.▒ ▒.▒
....▒..▒.▒ ▒y▒
....'....▒▒▒▒▒▒▒T▒
....▒......<.....▒
▒.▒▒▒▒▒.▒▒▒▒.▒▒▒▒▒
▒.'...+.▒ ▒.▒
▒▒▒...▒▒▒ ▒.▒
▒.......▒ ..▒
▒'▒...▒+▒ ▒▒▒
..▒...▒ ..▒▒+▒▒


You could see a hornet.


Message History

You can move again.
You closely miss the hornet.
You feel very sick. The hornet stings you!
* * * LOW HITPOINT WARNING * * *
You feel as though you will be slow longer.
The hornet completely misses you.
Unknown command.
You scratch the hornet.
The hornet is lightly wounded.
You feel sick.
The hornet stings you but does no damage.
The hornet stings you.
* * * LOW HITPOINT WARNING * * *
You shrug off the repeated paralysis!
Unknown command.
You barely miss the hornet.
The hornet is lightly wounded.
You feel sick. The hornet stings you!
* * * LOW HITPOINT WARNING * * *
You suddenly lose the ability to move!
The hornet stings you!
* * * LOW HITPOINT WARNING * * *
You feel as though you will be slow longer.
You feel sick.
The hornet stings you but does no damage.
You feel sick. The hornet stings you!
You die...

Action                   |  1- 3 |  4- 6 |  7- 9 || total
-------------------------+-------+-------+-------++-------
Melee: Unarmed           |    65 |   113 |   209 ||   387
       Punch             |     1 |     3 |    12 ||    16
Invok: Fiery Armour      |       |     2 |     2 ||     4
  Use: Potion            |       |     1 |       ||     1
Armor: Robe              |    21 |    69 |    67 ||   157
Dodge: Dodged            |    31 |    65 |    88 ||   184

Levels and vault maps discovered:
D:1:      ncdulo_halloftheorcs, layout_basic
D:2:      layout_loops_cross, nicolae_ecumenical_pavilion
D:3:      layout_basic, general_overflow_altar
D:4:      layout_loops_ring, okawaru_gym_becter, uniq_edmund
D:5:      layout_loops_ring, overflow_temple_1_default
D:6:      layout_loops_ring, mainiacjoe_overflow_surrounded_room,
          mainiacjoe_overflow_concentric_impassable, minmay_temple_entry_hall,
          grunt_ministairs_15, minmay_hedge_maze
D:7:      nicolae_cairo_tiling_large, layout_loops_ring, roderic_lattice_a,
          uniq_crazy_yiuf_cottage, uniq_pikel

Notes
Turn   | Place    | Note
-------+----------+-------------------------------------------
     0 | D:1      | sanka the Troll Cinder Acolyte began the quest for the Orb.
     0 | D:1      | Reached XP level 1. HP: 22/22 MP: 1/1
   140 | D:1      | Reached XP level 2. HP: 29/29 MP: 2/2
   625 | D:1      | Reached skill level 4 in Unarmed Combat
   773 | D:2      | Found a faded altar of an unknown god.
   858 | D:2      | Reached XP level 3. HP: 22/36 MP: 3/3
  1147 | D:2      | Reached XP level 4. HP: 35/44 MP: 4/4
  1179 | D:2      | Reached skill level 5 in Unarmed Combat
  1587 | D:3      | Reached XP level 5. HP: 20/50 MP: 5/5
  1590 | D:3      | Reached skill level 6 in Unarmed Combat
  1642 | D:5      | Entered Level 5 of the Dungeon
  1719 | D:3      | Reached XP level 6. HP: 33/59 MP: 6/6
  2011 | D:3      | Reached skill level 7 in Unarmed Combat
  2078 | D:3      | Found a broken altar of Ashenzari.
  2345 | D:4      | Noticed Edmund
  2356 | D:4      | Killed Edmund
  2430 | D:4      | Reached skill level 8 in Unarmed Combat
  2430 | D:4      | Reached XP level 7. HP: 66/66 MP: 7/7
  2447 | D:4      | Found an iron altar of Okawaru.
  3170 | D:5      | Reached skill level 9 in Unarmed Combat
  3332 | D:5      | Found a hide-covered altar of Uskayaw.
  3659 | D:5      | Reached XP level 8. HP: 71/74 MP: 8/8
  3760 | D:6      | Reached skill level 10 in Unarmed Combat
  3820 | D:6      | Reached skill level 3 in Fighting
  3955 | D:6      | Found a white marble altar of Elyvilon.
  3970 | D:6      | Found a staircase to the Ecumenical Temple.
  4154 | D:6      | Identified the +2 leather armour of the Tired Youths {rF-
                  | rC+ Stlth+}
  4198 | D:6      | Reached skill level 4 in Fighting
  4297 | D:6      | Found a basalt altar of Yredelemnul.
  4440 | D:6      | Reached skill level 11 in Unarmed Combat
  4664 | D:7      | Noticed Pikel
  4671 | D:7      | Killed Pikel
  4672 | D:7      | Reached skill level 5 in Fighting
  4672 | D:7      | Reached XP level 9. HP: 88/88 MP: 9/9
  4914 | D:7      | Paralysed by a hornet for 2 turns
  4918 | D:7      | Paralysed by a hornet for 3 turns
  4920 | D:7      | Slain by a hornet

Vanquished Creatures
  Pikel (D:7)
  Edmund (D:4)
  A water moccasin (D:5)
  2 ice beasts (D:6)
  An orc warrior (D:6)
  2 black bears (D:6)
  A phantom (D:6)
  4 bullfrogs
  4 necrophages
  3 scorpions
  4 killer bees (D:7)
  3 orc priests
  A gnoll bouda (D:5)
  5 hounds
  5 iguanas
  An orc wizard (D:4)
  12 gnolls
  6 adders
  An ufetubus (D:4)
  3 worms
  4 dart slugs
  19 orcs
  3 ball pythons
  5 endoplasms
  4 giant cockroaches
  10 goblins
  4 hobgoblins
  3 quokkas
  9 bats
  2 frilled lizards
  6 kobolds
  5 rats
135 creatures vanquished.
